 Dungeon Crawl Stone Soup version 0.19.0-23-gf02e663 (console) character file.

1422 Eviona the Destroyer (level 8, -4/41 HPs)
             Began as a Deep Elf Conjurer on Nov 19, 2016.
             Slain by a howler monkey (5 damage)
             ... on level 10 of the Dungeon.
             The game lasted 00:14:50 (6275 turns).

Eviona the Destroyer (Deep Elf Conjurer)            Turns: 6275, Time: 00:14:50

Health: -4/41      AC:  3    Str:  5    XL:     8   Next: 44%
Magic:  3/17       EV: 13    Int: 23    God:
Gold:   256        SH:  0    Dex: 15    Spells: 5 memorised, 2 levels left

rFire  . . .     SeeInvis .     y - staff of summoning
rCold  . . .     Gourm    .     a - +0 robe
rNeg   . . .     Faith    .     (no shield)
rPois  .         Spirit   .     (no helmet)
rElec  .         Reflect  .     u - +0 cloak
rCorr  +         Harm     .     (no gloves)
MR     .....                    (no boots)
Stlth  ++........               (no amulet)
                                (no ring)
                                g - ring of resist corrosion

@: no status effects
A: no striking features
a: no special abilities


You were on level 10 of the Dungeon.
You were not hungry.

You visited 1 branch of the dungeon, and saw 8 of its levels.

You collected 256 gold pieces.

Inventory:

Armour
 a - a +0 robe (worn)
 u - a +0 cloak (worn)
Magical Staves
 y - an uncursed staff of summoning (weapon)
Jewellery
 g - a ring of resist corrosion (left hand)
Wands
 v - a wand of digging (10/24)
 x - a wand of confusion (27/48)
 B - a wand of lightning (9/15)
Scrolls
 d - 4 scrolls of random uselessness
 o - a scroll of magic mapping
 p - a scroll of immolation
 s - 4 scrolls of remove curse
 A - a scroll of blinking {unknown}
 D - a scroll of identify
Potions
 e - 3 potions of curing
 h - a potion of berserk rage {unknown}
 j - 2 potions of heal wounds
 k - a potion of brilliance
 m - 3 potions of cancellation {unknown}
 r - 2 potions of agility {unknown}
 t - 2 potions of resistance {unknown}
 w - a potion of flight {unknown}
 z - a potion of lignification {unknown}
 C - a potion of haste {unknown}
 E - a potion of degeneration {unknown}
Books
 b - a book of Conjurations

   Spells                             Type                      Level
   a - Magic Dart                     Conjuration                  1
   b - Searing Ray                    Conjuration                  2
   c - Dazzling Spray                 Conjuration/Hexes            3
   d - Fulminant Prism                Conjuration/Hexes            4
   e - Iskenderun's Mystic Blast      Conjuration                  4
   f - Iskenderun's Battlesphere      Conjuration/Charms           5
 q - a book of Changes

   Spells                             Type                      Level
   a - Beastly Appendage              Transmutation                1
   b - Sticks to Snakes               Transmutation                2
   c - Spider Form                    Transmutation/Poison         3
   d - Ice Form                       Ice/Transmutation            4
   e - Blade Hands                    Transmutation                5
Comestibles
 c - 4 bread rations
 f - 3 meat rations
 i - 2 beef jerkies
 l - a slice of pizza


   Skills:
 - Level 2.4 Dodging
 - Level 2.4 Stealth
 - Level 5.1 Spellcasting
 + Level 11.1 Conjurations
 - Level 4.0 Charms


You had 2 spell levels left.
You knew the following spells:

 Your Spells              Type           Power        Failure   Level  Hunger
a - Magic Dart            Conj           ####         1%          1    None
b - Searing Ray           Conj           ######       1%          2    None
c - Iskenderun's Mystic   Conj           ######..     1%          4    ####...
d - Iskenderun's Battles  Conj/Chrm      #####...     14%         5    #####..
e - Dazzling Spray        Conj/Hex       ####..       3%          3    ##.....


Dungeon Overview and Level Annotations

Branches:
Dungeon (7/15)
 Temple: D:4-7

Altars:
Ashenzari
Cheibriados
Nemelex Xobeh
Okawaru

Annotations:
D:4 Eustachio
D:5 exclusion: steam dragon


Message History

The hill giant shouts!
You see here a beef jerky.
A troll comes into view.
Found 4 fruits.
A hippogriff comes into view.
The hippogriff screeches!
Found a scroll of identify. 2 howler monkeys come into view.
The howler monkey howls!
Found a stone staircase leading up.
A crimson imp and a howler monkey come into view.
An ogre comes into view. It is wielding a giant club.
A hound comes into view.
The troll shouts!
You hear a bark!
The howler monkey howls!
The ogre shouts!
The howler monkey misses you.
There is a stone staircase leading up here.
The hound bites you.
* * * LOW HITPOINT WARNING * * *
The howler monkey hits you.
You die...

. ..#..... ...#
P%%.#....###...#
%..............#
..#....##....#
.......##....########
####.##.................
#.......................
##.#....#%##.###..hh....
#......##C..+........
#.#######.###hT......
#.#######h#.h@5.O.... .
?..H....#.#........ .
..#.......#.####### #.
#.###.###h# .. .... #.#
.. #.#.# #.# . #.#.. #.#
# ... #.# ... ..


You could see a troll, an ogre, 3 howler monkeys, 2 hounds and a crimson imp.

Vanquished Creatures
  Menkaure (D:4)
  A necrophage (D:6)
  3 ogres
  A sky beast (D:7)
  3 centaurs
  A bullfrog (D:6)
  A scorpion (D:6)
  2 howler monkeys (D:4)
  A hound (D:7)
  A jelly (D:6)
  A centaur skeleton (D:5)
  An orc priest (D:6)
  2 orc wizards
  2 worker ants
  A killer bee zombie (D:7)
  A hound skeleton (D:5)
  2 worker ant zombies
  5 adders
  A shadow imp (D:6)
  An adder zombie (D:7)
  An adder skeleton (D:5)
  2 worms
  3 dart slugs
  2 leopard geckos
  10 orcs
  6 giant cockroaches
  14 goblins
  2 hobgoblins (D:2)
  14 jackals
  5 kobolds
  4 quokkas
  2 ball pythons
  5 bats
  3 frilled lizards
  A leopard gecko skeleton (D:6)
  5 rats
111 creatures vanquished.

Notes
Turn   | Place    | Note
-------+----------+-------------------------------------------
     0 | D:1      | Eviona the Deep Elf Conjurer began the quest for the Orb.
     0 | D:1      | Reached XP level 1. HP: 10/10 MP: 6/6
   405 | D:1      | Reached XP level 2. HP: 15/15 MP: 5/8
  1465 | D:2      | Learned a level 2 spell: Searing Ray
  1596 | D:2      | Reached XP level 3. HP: 19/19 MP: 8/11
  1645 | D:2      | Reached skill level 5 in Spellcasting
  2258 | D:2      | Reached skill level 5 in Conjurations
  2372 | D:2      | Reached XP level 4. HP: 24/24 MP: 11/13
  2842 | D:3      | Learned a level 4 spell: Iskenderun's Mystic Blast
  3120 | D:4      | Noticed Menkaure
  3170 | D:4      | Reached skill level 6 in Conjurations
  3170 | D:4      | Reached XP level 5. HP: 28/28 MP: 8/14
  3180 | D:4      | Killed Menkaure
  3180 | D:4      | Reached skill level 7 in Conjurations
  3180 | D:4      | Reached XP level 6. HP: 28/32 MP: 5/15
  3255 | D:4      | Learned a level 5 spell: Iskenderun's Battlesphere
  3392 | D:4      | Reached skill level 1 in Charms
  3446 | D:4      | Found a sparkling altar of Nemelex Xobeh.
  3749 | D:4      | Found a sparkling altar of Nemelex Xobeh.
  3810 | D:4      | Noticed Eustachio
  3826 | D:5      | Entered Level 5 of the Dungeon
  4166 | D:5      | Found a snail-covered altar of Cheibriados.
  4514 | D:5      | Reached skill level 8 in Conjurations
  4514 | D:5      | Reached XP level 7. HP: 36/36 MP: 1/16
  4724 | D:5      | Learned a level 3 spell: Dazzling Spray
  4749 | D:5      | Noticed a steam dragon
  4997 | D:6      | Found a shattered altar of Ashenzari.
  5276 | D:6      | Reached skill level 9 in Conjurations
  5677 | D:6      | Reached skill level 10 in Conjurations
  5677 | D:6      | Reached XP level 8. HP: 41/41 MP: 9/17
  5846 | D:6      | Found an iron altar of Okawaru.
  6240 | D:7      | Reached skill level 11 in Conjurations
  6251 | D:7      | HP: 1/41 [orc/short sword (7)]
  6261 | D:7      | You fall through a shaft for 3 floors!
  6261 | D:10     | Entered Level 10 of the Dungeon
  6261 | D:10     | Noticed a hill giant
  6264 | D:10     | Noticed a troll
  6269 | D:10     | Noticed a hippogriff
  6275 | D:10     | HP: 1/41 [hound (4)]
  6275 | D:10     | Slain by a howler monkey

Skill      XL: |  1  2  3  4  5  6  7  8 |
---------------+-------------------------+-----
Spellcasting   | 4 5 |  5.1
Conjurations   | 5 6 7 8 10 11 | 11.1
Charms         | 4 |  4.0
Dodging        | |  2.4
Stealth        | |  2.4

Action                   |  1- 3 |  4- 6 |  7- 9 || total
-------------------------+-------+-------+-------++-------
 Cast: Magic Dart        |    65 |    30 |    72 ||   167
       Searing Ray       |     8 |    17 |    10 ||    35
       Iskenderun's Myst |       |     3 |       ||     3
       Iskenderun's Batt |       |     1 |     9 ||    10
  Use: Scroll            |       |       |     7 ||     7
  Eat: Chunk             |     4 |     9 |     4 ||    17
       Fruit             |       |       |     3 ||     3
       Pizza             |       |       |     1 ||     1
Armor: Robe              |       |     3 |     2 ||     5
Dodge: Dodged            |     3 |    12 |    16 ||    31
